TKirby, chaotic female elven Ranger ----------- ------------- |.........| o-o.).).....`| +.........| |.@)..`.....| # |.........| |).d-----...| `############-.<.......| |...|.{.|...| # ----------- |..`| {.`..| ### |[[+| |...| # |.+.-----....*######## |..)..`.....| |`[........`| ------------- TKirby the Trailblazer Experience level: 6 Strength: 15 Dexterity: 11 Constitution: 15 Intelligence: 14 Wisdom: 13 Charisma: 8 Health: 0(42) Energy: 34(34) Def: 9 Gold: 846 Moves: 3049 Dungeon seed: osPVqGUpUCQBAVcU Game ID: TKirby_1507563356 Your Inventory: Coins $ - 846 gold pieces Weapons a - the +1 Sting (alternate weapon; not wielded) b - a +1 elven bow (weapon in hand) c - 38 +2 elven arrows (in quiver) d - 33 +0 elven arrows p - a +0 long sword Armor e - an uncursed +2 elven cloak (being worn) r - an uncursed +0 banded mail (being worn) Comestibles f - 5 uncursed lembas wafers m - 2 uncursed food rations Scrolls g - an uncursed scroll of confuse monster i - 2 uncursed scrolls of blank paper k - an uncursed scroll of identify v - a cursed scroll of identify w - a cursed scroll of gold detection x - a cursed scroll of confuse monster Spellbooks F - a cursed spellbook of create monster G - a cursed spellbook of force bolt Potions o - an uncursed potion of restore ability s - a cursed potion of booze t - a cursed potion of healing u - a cursed potion of restore ability z - a cursed potion of levitation A - a potion of unholy water B - an uncursed potion of sleeping I - an uncursed potion of see invisible L - an uncursed potion of water M - an uncursed potion of object detection Rings C - a cursed +1 ring of adornment D - a cursed +1 ring of gain constitution Wands n - a blessed wand of light (0:11) E - a cursed wand of secret door detection (0:13) J - a wand of slow monster (0:8) Tools j - an uncursed oil lamp (0:1127) K - an uncursed oil lamp (0:1358) Gems q - 2 uncursed opals y - a cursed worthless piece of orange glass N - a cursed worthless piece of violet glass Spells and supernatural/magical abilities: Name Level Category Fail Memory W - pray for help -- divine ? -- Your skills at the end: Fighting Skills Weapon Skills dagger [Basic] bow [Basic] Spellcasting Skills Final Attributes: You were piously aligned. You were sleep resistant. You had automatic searching. You had infravision. You were stealthy. You are dead. Vanquished creatures: a ghost a housecat a fog cloud 2 shriekers a gray ooze a floating eye a kitten a kobold lord 6 hill orcs a monkey an orc zombie 4 dwarf zombies a wererat an iguana 3 killer bees 2 acid blobs 2 coyotes 3 hobbits 6 giant rats a yellow mold 2 red molds 2 gnomes 15 garter snakes 2 geckos 7 jackals 2 foxes 2 kobolds 4 goblins 5 grid bugs a bat 3 lichens 6 newts 91 creatures vanquished. Voluntary challenges: You followed a strict vegan diet. You used a wielded weapon 88 times, starting on turn 139. You read items or engraved 1 time, starting on turn 3036. You never genocided any monsters. You never polymorphed an object. You never changed form. You used no wishes. You never split a pudding. You never wrote Elbereth's name. You never violated your personal moral code. Dungeon overview: The Dungeons of Doom: levels 1 to 6 Level 1 a long staircase Level 2 a long staircase Level 3 Level 4 a fountain Level 5 a fountain Level 6 <- You were here some fountains History has recorded: On T:1 you entered the Dungeons of Doom to retrieve the Amulet of Yendor! On T:387 you advanced to experience level 2. On T:751 you advanced to experience level 3. On T:785 you reached level 2 of The Dungeons of Doom. On T:1223 you reached level 3 of The Dungeons of Doom. On T:1430 you advanced to experience level 4. On T:1686 you reached level 4 of The Dungeons of Doom. On T:1952 you reached level 5 of The Dungeons of Doom. On T:2040 you advanced to experience level 5. On T:2752 you advanced to experience level 6. On T:2868 you reached level 6 of The Dungeons of Doom. Score breakdown: Gold: 846 ( 9959 points) Experience: 6 levels (12456 points) Exploration: 6 levels ( 12.00%) ( 9583 points) Discoveries: 1 item ( 0.34%) ( 1761 points) Valuables value: (no points given unless you survive) Artifact value: 800 ( 9877 points) Variety of kills: 32 monsters ( 8.40%) ( 8694 points) Turncount: 3049 turns ( -623 points) Survival: died (score multiplied by 80%) Total score: 41365 Latest messages: The 2nd elven arrow hits the hill orc! You kill the hill orc! The hill orc swings his curved sword. The hill orc hits! The hill orc wields a crude dagger! Star eats a hill orc corpse. You shoot 3 elven arrows. The 1st elven arrow hits the hill orc! The 2nd elven arrow hits the hill orc. You kill the hill orc! The hill orc thrusts her crude dagger at star. The hill orc misses star. Star bites the hill orc. (2x) The hill orc is killed! You have a little trouble lifting c - a +2 elven arrow (in quiver). You stop. Star is in the way! You shoot 2 elven arrows. The hill orc wields a curved sword! The elven arrow hits the hill orc! The hill orc swings her curved sword. The hill orc hits! You die... Final status: Goodbye TKirby the Ranger, killed by a hill orc... You died in The Dungeons of Doom on dungeon level 6 with 41365 points, and 846 pieces of gold, after 3049 moves. You were level 6 with a maximum of 42 hit points when you died.